 Dungeon Crawl Stone Soup version 0.30-a0-632-g346586fe48 (webtiles) character file.

Game seed: 18409782149220967366

207 bmack86 the Chopper (level 5, 0/47 HPs)
             Began as a Minotaur Fighter on Jan 14, 2023.
             Succumbed to a gnoll's poison
             ... on level 3 of the Dungeon.
             The game lasted 00:05:13 (1600 turns).

bmack86 the Chopper (Minotaur Fighter)              Turns: 1600, Time: 00:05:13

Health: 0/47       AC: 10    Str: 22    XL:     5   Next: 54%
Magic:  4/4        EV:  9    Int:  5    God:
Gold:   123        SH:  4    Dex: 10    Spells: 4/4 levels left

rFire   . . .      SeeInvis .    a - +1 war axe
rCold   . . .      Faith    .    c - +0 buckler
rNeg    . . .      Spirit   .    b - +0 scale mail
rPois   .          Reflect  .    (helmet restricted)
rElec   .          Harm     .    j - +0 cloak
rCorr   .          Rampage  .    (no gloves)
Will    .....                    p - +1 pair of boots Stlth
                                 (no amulet)
HPRegen 0.27/turn                (no ring)
MPRegen 0.09/turn                (no ring)

@: lethally poisoned (0 -> -14)
A: horns 2, retaliatory headbutt
a: no special abilities


You were on level 3 of the Dungeon.
You visited 1 branch of the dungeon, and saw 3 of its levels.

You collected 123 gold pieces.

Inventory:

Hand Weapons
 a - a +1 war axe (weapon)
Missiles
 h - 4 javelins (quivered)
 n - 7 poisoned darts
Armour
 b - a +0 scale mail (worn)
 c - a +0 buckler (worn)
 j - a +0 cloak (worn)
 p - a +1 pair of boots (worn)
Wands
 e - a wand of iceblast (6)
Scrolls
 f - 2 scrolls of blinking
 k - a scroll of torment {unknown}
 o - a scroll of summoning {unknown}
Potions
 d - a potion of might
 g - a potion of curing
 i - a potion of magic
 l - a potion of heal wounds {unknown}
 m - a potion of flight {unknown}
 r - a potion of invisibility


   Skills:
 + Level 4.6 Fighting
 * Level 4.6 Axes
 + Level 1.6 Throwing
 + Level 4.5 Armour
 + Level 4.4 Shields


You had 4 spell levels left.
You didn't know any spells.
Your spell library was empty.

Dungeon Overview and Level Annotations

Branches:
Dungeon (3/15)

Altars:


Innate Abilities, Weirdness & Mutations

You have a pair of horns on your head.
You reflexively headbutt those who attack you in melee.


Message History

You see here a ball python corpse.
A gnoll comes into view. It is wielding a +0 flail.
A gnoll comes into view. It is wielding a +0 halberd.
The gnoll shouts!
A gnoll comes into view. It is wielding a +1 spear of venom.
The gnoll shouts!
Found 9 gold pieces.
You block the gnoll's attack. The gnoll misses you.
The gnoll hits you with a +0 halberd.
You barely miss the gnoll. Your headbutt misses the gnoll. You hit the gnoll.
The gnoll hits you with a +0 flail!
The gnoll hits you from afar with a +1 spear of venom.
You are poisoned.
The gnoll closely misses you.
You closely miss the gnoll. You hit the gnoll.
You feel very sick.
The gnoll hits you but does no damage. x2
You are more poisoned.
The gnoll closely misses you. The gnoll completely misses you.
You furiously retaliate!
You headbutt the gnoll. You block the gnoll's attack.
The gnoll hits you but does no damage.
You are lethally poisoned!
You slash the gnoll!
You kill the gnoll!
You hit the gnoll.
You kill the gnoll!
You feel extremely sick.
The gnoll hits you from afar with a +1 spear of venom.
* * * LOW HITPOINT WARNING * * *
You are more poisoned.
* * * LOW HITPOINT WARNING * * *
You feel very sick. The gnoll closely misses you.
Things that are here:
a +0 halberd; a gnoll corpse
* * * LOW HITPOINT WARNING * * *
You feel very sick. You block the gnoll's attack.
You barely miss the gnoll.
You headbutt the gnoll, but do no damage.
You die...

#... ...>##...
#...#.##.#...# #...<.
#.#.#.. ###########...#
#.#.#.# #.............#
#...#.# #.............#
####..
#.............########..
#.$.......).............
#......@).......†...)...
#......g................
#.......................
#.......................
#.............##########
#.............#
#.............#
#.............#


You could see a gnoll.

Vanquished Creatures
  An iguana (D:3)
  Natasha (thrice) (D:2)
  2 gnolls (D:3)
  3 adders
  A worm (D:3)
  2 dart slugs
  A ball python (D:3)
  3 bats
  3 endoplasms
  3 giant cockroaches
  5 goblins
  5 hobgoblins
  8 jackals
  A frilled lizard (D:1)
  13 kobolds
  4 rats
58 creatures vanquished.

Vanquished Creatures (others)
  8 plants
8 creatures vanquished.

Grand Total: 66 creatures vanquished

Notes
Turn   | Place    | Note
-------+----------+-------------------------------------------
     0 | D:1      | bmack86 the Minotaur Fighter began the quest for the Orb.
     0 | D:1      | Reached XP level 1. HP: 19/19 MP: 0/0
    98 | D:1      | Reached XP level 2. HP: 26/27 MP: 1/1
   951 | D:2      | Noticed Natasha
   955 | D:2      | Reached XP level 3. HP: 28/33 MP: 2/2
   959 | D:2      | Killed Natasha
  1025 | D:2      | Noticed Natasha
  1033 | D:2      | Killed Natasha
  1034 | D:2      | Reached skill level 1 in Throwing
  1034 | D:2      | Reached XP level 4. HP: 37/40 MP: 3/3
  1274 | D:2      | Found a faded altar of an unknown god.
  1433 | D:2      | Noticed Natasha
  1437 | D:2      | Killed Natasha
  1509 | D:3      | Reached XP level 5. HP: 47/47 MP: 4/4
  1600 | D:3      | Succumbed to a gnoll's poison

Illustrated notes

Levels and vault maps discovered:
D:1:      psy_arrival_fountain, layout_basic, serial_bayou_lake_a
D:2:      layout_rooms, shapermc_ecumenical_altar_petra,
          lexackson_kobold_supper, uniq_natasha
D:3:      layout_basic, st_stairs_6

Skill      XL: |  1  2  3  4 |
---------------+-------------+-----
Axes           | 3 4 |  4.6
Fighting       | 4 |  4.6
Armour         | 4 |  4.5
Shields        | 4 |  4.4
Throwing       | 1 |  1.6

Action                   |  1- 3 |  4- 6 || total
-------------------------+-------+-------++-------
Melee: War axe           |    86 |    55 ||   141
       Headbutt          |     8 |     8 ||    16
Throw: Javelin           |     1 |       ||     1
  Use: Scroll            |     1 |     8 ||     9
Armor: Scale mail        |    51 |    21 ||    72
Dodge: Dodged            |    55 |    20 ||    75
Block: Buckler           |    32 |    15 ||    47

Table legend: (Time is in decaauts)
 A = Elapsed time spent in this place.
 B = Non-inter-level travel time spent in this place.
 C = Inter-level travel time spent in this place.
 D = Time resting spent in this place.
 E = Time spent auto-exploring this place.
 F = Levels seen in this place.
 G = Mean time per level.
                   A        B        C        D        E       F      G
               +--------+--------+--------+--------+--------+-----+--------+
         Total |   1672 |   1617 |     55 |      0 |   1004 |   3 |  557.3 |
       Dungeon |   1672 |   1617 |     55 |      0 |   1004 |   3 |  557.3 |
               +--------+--------+--------+--------+--------+-----+--------+

Top non-repeatable levels by time:
     D:1: 952 daAuts
     D:2: 611 daAuts
     D:3: 108 daAuts
